 Dungeon Crawl Stone Soup version 0.28.0-47-ge53b351184 (webtiles) character file.

Game seed: 6545648438071077218

36 Keeper01 the Firebug (level 3, -2/19 HPs)
             Began as a Deep Elf Fire Elementalist on May 10, 2022.
             Was a Believer of Elyvilon.
             Slain by a hound (3 damage)
             ... on level 4 of the Dungeon.
             The game lasted 00:16:11 (2148 turns).

Keeper01 the Firebug (Deep Elf Fire Elementalist)   Turns: 2148, Time: 00:16:12

Health: -2/19      AC:  2    Str:  5    XL:     3   Next: 19%
Magic:  1/3        EV: 13    Int: 27    God:    Elyvilon [**....]
Gold:   138        SH:  0    Dex: 15    Spells: 6/9 levels left

rFire   + + .      SeeInvis .   b - +5 long sword "Puemn" {antimagic, *Rage rF++}
rCold   . . .      Faith    .   (no shield)
rNeg    . . .      Spirit   .   a - +0 robe
rPois   .          Reflect  .   (no helmet)
rElec   .          Harm     .   (no cloak)
rCorr   .          Rampage  .   (no gloves)
Will    .....      Rage     20% (no boots)
Stlth   +.........              (no amulet)
HPRegen 0.06/turn               i - +6 ring of intelligence
MPRegen 0.08/turn               (no ring)

@: confused
A: no striking features
a: Renounce Religion, Purification, Heal Other


You were on level 4 of the Dungeon.
You worshipped Elyvilon.
Elyvilon was pleased with you.
You visited 1 branch of the dungeon, and saw 4 of its levels.

You collected 138 gold pieces.

Inventory:

Hand Weapons
 b - the +5 long sword "Puemn" (weapon) {antimagic, *Rage rF++}
   (You acquired it on level 1 of the Dungeon)

   It reduces the magical energy of the wielder, and disrupts the spells and
   magical abilities of those it strikes.
   Natural abilities and divine invocations are not affected.
   rF:        It greatly protects you from fire.
   *Rage:     It berserks you when you make melee attacks (+20% chance).
Armour
 a - a +0 robe (worn)
Jewellery
 i - a +6 ring of intelligence (left hand)
Scrolls
 c - a scroll of blinking {unknown}
 f - a scroll of silence {unknown}
 h - a scroll of identify {unknown}
Potions
 d - a potion of cancellation {unknown}
 e - 2 potions of flight {unknown}
 g - a potion of ambrosia
 j - a potion of haste {unknown}
 k - a potion of heal wounds {unknown}


   Skills:
 + Level 0.2 Fighting
 + Level 0.2 Long Blades
 + Level 2.7 Dodging
 + Level 2.4 Stealth
 + Level 3.5 Spellcasting
 + Level 1.2 Conjurations
 + Level 4.1 Fire Magic


You had 6 spell levels left.
You knew the following spells:

 Your Spells              Type           Power      Damage    Failure   Level
a - Foxfire               Conj/Fire      76%        2x1d7     2%          1
b - Scorch                Fire           54%        2d7       2%          2

Your spell library contained the following spells:

 Spells                   Type           Power      Damage    Failure   Level
 Conjure Flame            Conj/Fire      19%        6-21      9%          3
 Inner Flame              Hex/Fire       16%        N/A       11%         3
 Corpse Rot               Necr/Air       8%         N/A       13%         2
 Poisonous Vapours        Pois/Air       8%         N/A       13%         2
 Flame Wave               Conj/Fire      19%        2d6       26%         4


Dungeon Overview and Level Annotations

Branches:
Dungeon (4/15)
 Temple: D:4-7

Altars:
Elyvilon


Message History

Look: a hound Flames lash the hound.
The hound is lightly wounded.
The hound's fire resistance burns away.
You hear a shout!
A centaur comes into view.
The orc wizard gestures at you while chanting.
You are confused.
The hound closely misses you.
You are too confused!
A kobold comes into view. It is wielding a +0 whip.
Found a manual of Unarmed Combat.
The kobold shouts!
You hit the hound.
The hound is heavily wounded.
The hound is no longer more vulnerable to fire.
The hound closely misses you. x2
The hound bites you. The kobold hits you with a +0 whip.
The orc wizard points at you and mumbles some strange words.
You are more confused.
The hound bites you.
You are too confused!
You closely miss the hound.
The hound is heavily wounded.
The hound misses you. The kobold barely misses you. The hound misses you.
You are too confused!
The hound closely misses you. The kobold hits you with a +0 whip.
* * * LOW HITPOINT WARNING * * *
The hound barely misses you. The kobold misses you. The orc misses you.
The orc barely misses you. The hound bites you.
* * * LOW HITPOINT WARNING * * *
The orc hits you with a +0 club.
* * * LOW HITPOINT WARNING * * *
The hound bites you. Elyvilon protects you from harm!
The orc barely misses you.
You bump into the rock wall.
The hound closely misses you. The orc barely misses you. The hound bites you.
You die...

#....:........#
##.###...#####
# #...#
###.###...#
..........#
......$.c.#
..##.##ooo#
c..#.#Kh#
#.##.:##@o# #
###..#..#
###.#..# ## #.#
.# ##


You could see a centaur, a hound, an orc wizard, 3 orcs and a kobold.

Vanquished Creatures
  4 bats
  4 endoplasms
  2 giant cockroaches (D:1)
  8 goblins
  3 hobgoblins (D:1)
  A kobold (D:1)
  A quokka (D:3)
  2 ball pythons
  3 frilled lizards
  3 rats
31 creatures vanquished.

Vanquished Creatures (others)
  16 foxfires (D:1)
  8 toadstools (D:3)
24 creatures vanquished.

Grand Total: 55 creatures vanquished

Notes
Turn   | Place    | Note
-------+----------+-------------------------------------------
     0 | D:1      | Keeper01 the Deep Elf Fire Elementalist began the quest for
                  | the Orb.
     0 | D:1      | Reached XP level 1. HP: 10/10 MP: 6/6
   348 | D:1      | Reached XP level 2. HP: 6/15 MP: 4/8
   618 | D:1      | Learned a level 2 spell: Scorch
   727 | D:1      | Identified a scroll of acquirement
   727 | D:1      | Acquired the +5 long sword "Puemn" {antimagic, *Rage rF++}
   741 | D:1      | Found a faded altar of an unknown god.
  1067 | D:1      | Reached skill level 4 in Fire Magic
  1668 | D:1      | Prayed at the altar of an unknown god.
  1668 | D:1      | Became a worshipper of Elyvilon the Healer
  1668 | D:1      | Reached * piety under Elyvilon
  1805 | D:2      | Reached XP level 3. HP: 19/19 MP: 3/9
  1993 | D:3      | Reached ** piety under Elyvilon
  2138 | D:4      | Noticed a centaur
  2147 | D:4      | Elyvilon protects you from harm!
  2148 | D:4      | Slain by a hound

Illustrated notes

Levels and vault maps discovered:
D:1:      lemuel_arrival_river_bridge, layout_rooms,
          ebering_ecumenical_altar_abandoned, minmay_pentomino_q4
D:2:      layout_basic, uniq_jessica
D:3:      cheibrodos_fertilizer, layout_basic, mainiacjoe_overflow_alcove_2
D:4:      layout_basic, minmay_temple_entry_junction_2, minmay_manual_mess,
          uniq_edmund, uniq_menkaure

Skill      XL: |  1  2 |
---------------+-------+-----
Fire Magic     | 4 |  4.1
Fighting       | |  0.2
Long Blades    | |  0.2
Dodging        | |  2.7
Stealth        | |  2.4
Spellcasting   | |  3.5
Conjurations   | |  1.2

Action                   || total
-------------------------++-------
Melee: Unarmed           ||     1
       Long sword        ||    44
 Cast: Foxfire           ||    10
       Scorch            ||    10
  Use: Scroll            ||     3
       Potion            ||     1
 Stab: Sleeping          ||     1
Armor: Robe              ||    14
Dodge: Dodged            ||    64
